Map: 나이트쉐이드 - 래더

Players

BlyOnFire (Bly)

  • Race: Zerg Zerg
  • League: Grandmaster
  • Spawn Location: 5:00

Cure - Winner!

  • Race: Terran Terran
  • League: Master
  • Spawn Location: 11:00

VOD

Have the link to the VOD?

Description

Time

  • Played on: Jan. 13, 2020, 3:25 p.m.
  • Length: 12:50
Show
View Real Time Build Order
Export as new Build Order

BlyOnFire Zerg 

Build Orders: Hatch First 

Get SALT Encoding   

  12  0:01  Drone  
  13  0:12  Overlord  
  13  0:18  Drone  
  14  0:31  Drone x2  
  16  0:47  Hatchery  
  15  0:50  Drone  
  15  0:54  Drone  
  17  0:57  Drone  
  18  1:09  Extractor  
  17  1:13  Spawning Pool  
  17  1:15  Drone  
  17  1:18  Drone  
  18  1:28  Drone  
  19  1:38  Drone  
  20  1:51  Overlord  
  20  1:59  Queen x2  
  20  2:01  Zergling x4  
  26  2:12  Drone x2, Metabolic Boost  
  28  2:21  Drone x2  
  30  2:37  Hatchery  
  30  2:43  Queen  
  31  2:47  Drone x2  
  31  2:49  Drone  
  33  2:53  Overlord  
  33  2:59  Drone x2  
  35  3:14  Drone x5  
  35  3:17  Overlord  
  40  3:26  Drone x2  
  42  3:30  Queen  
  42  3:33  Overlord  
  43  3:37  Zergling x2  
  44  3:44  Zergling x12  
  50  3:50  Queen  
  50  3:55  Drone  
  53  3:56  Roach Warren  
  53  3:57  Extractor  
  51  4:04  Overlord  
  51  4:13  Drone x8  
  59  4:19  Overlord  
  57  4:30  Drone x7  
  63  4:37  Zergling x2  
  63  4:38  Extractor  
  60  4:41  Zergling x2  
  60  4:43  Lair  
  61  4:48  Evolution Chamber, Baneling Nest  
  61  4:50  Drone x4  
  63  4:52  Extractor  
  63  4:55  Drone x3  
  65  5:00  Drone x4  
  69  5:11  Evolution Chamber, Overlord  
  68  5:14  Zerg Ground Armor Level 1  
  68  5:15  Overlord  
  68  5:17  Spore Crawler  
  68  5:18  Spore Crawler x2  
  65  5:28  Overlord x4  
  65  5:39  Zerg Melee Weapons Level 1  
  65  5:42  Overseer  
  65  5:44  Drone x2  
  65  5:45  Drone  
  65  5:46  Drone x7  
  65  5:48  Extractor  
  65  5:49  Extractor  
  73  5:52  Drone  
  73  5:53  Drone x4  
  73  5:57  Overseer  
  75  6:01  Drone x3  
  78  6:15  Centrifical Hooks  
  78  6:19  Hatchery  
  78  6:21  Drone x5  
  78  6:22  Drone  
  83  6:30  Drone x4, Overlord  
  87  6:41  Hatchery  
  84  6:50  Zergling x28  
  98  7:06  Baneling x7  
  98  7:11  Overseer  
  98  7:20  Hatchery  
  95  7:28  Zerg Ground Armor Level 2  
  95  7:29  Zergling x22  
  106  7:30  Baneling x9  
  106  7:31  Baneling x4  
  105  7:40  Baneling x6  
  104  7:48  Zergling x12  
  104  7:49  Zergling x2, Overlord  
  104  7:50  Overlord x2  
  111  7:53  Overlord  
  111  7:58  Overlord  
  111  8:06  Overseer  
  111  8:11  Hatchery  
  110  8:19  Zerg Melee Weapons Level 2  
  105  8:20  Spire  
  105  8:23  Baneling x16  
  105  8:26  Zergling x2  
  105  8:27  Zergling x32  
  119  8:37  Burrow  
  119  8:39  Drone x9  
  115  8:59  Zergling x34  
  130  9:18  Zergling x2  
  130  9:19  Zergling x18  
  117  9:34  Zergling x24  
  117  9:38  Baneling x6  
  123  9:41  Zergling x6  
  123  9:48  Zergling x6  
  123  9:49  Zergling x2  
  123  9:51  Baneling  
  123  9:52  Zergling x2, Baneling x7  
  118  9:53  Zergling x4  
  118  9:54  Baneling x4  
  116  10:00  Zergling x10  
  116  10:05  Zergling x12  
  125  10:09  Zergling x2  
  125  10:12  Drone  
  124  10:29  Pneumatized Carapace  
  124  10:32  Zerg Flyer Weapons Level 1  
  124  10:33  Mutalisk x10  
  142  10:54  Mutalisk x7  
  150  11:06  Hatchery  
  150  11:10  Mutalisk x3  
  150  11:11  Spore Crawler  
  154  11:12  Overlord x5  
  154  11:18  Baneling x3  
  142  11:29  Zergling x16  
  142  11:30  Zergling x10  
  147  11:37  Overseer x2  
  147  11:38  Overseer x2  
  145  11:43  Zergling x12  
  145  11:44  Zergling x12  
  145  11:46  Baneling  
  156  11:51  Zergling x6  
  156  11:53  Baneling  
  156  11:54  Baneling x8  
  140  12:02  Zergling x14  
  134  12:14  Zergling x14  
  118  12:20  Zergling x4  
  118  12:21  Baneling x2  
  113  12:23  Baneling  
  113  12:26  Zergling x4  
  113  12:29  Baneling x6  
Show
View Real Time Build Order
Export as new Build Order

Cure Terran - Winner!

Build Orders: Reaper Expand, Hellion Banshee 

Get SALT Encoding   

  12  0:00  SCV  
  13  0:13  SCV  
  14  0:17  Supply Depot  
  14  0:25  SCV  
  15  0:39  SCV  
  15  0:40  Barracks  
  16  0:43  Refinery  
  16  0:51  SCV  
  17  1:03  SCV  
  18  1:15  SCV  
  19  1:27  Orbital Command, Reaper  
  20  1:39  Command Center  
  20  1:47  Supply Depot  
  20  1:53  SCV  
  21  1:59  Marine  
  22  2:05  SCV  
  23  2:11  Factory  
  23  2:17  SCV  
  23  2:19  Refinery  
  23  2:20  Barracks Reactor  
  24  2:29  SCV  
  25  2:41  SCV  
  26  2:52  Orbital Command  
  26  2:53  SCV  
  26  2:55  Starport  
  27  3:01  Hellion  
  27  3:02  Hellion  
  27  3:04  Barracks Tech Lab  
  31  3:08  SCV  
  31  3:23  SCV x2  
  31  3:26  Hellion x2  
  37  3:36  SCV x2  
  37  3:41  Supply Depot  
  39  3:43  Cloaking Field  
  39  3:44  Banshee  
  39  3:48  SCV x2  
  44  3:50  Marine  
  45  4:00  SCV  
  45  4:02  SCV  
  47  4:04  Command Center  
  47  4:06  Hellion x2  
  47  4:09  Barracks Tech Lab  
  51  4:16  SCV x2  
  53  4:17  Supply Depot  
  51  4:28  SCV x2  
  51  4:29  Banshee  
  54  4:31  Stimpack  
  54  4:39  Marine  
  54  4:43  SCV x2  
  57  4:45  Barracks  
  57  4:47  Factory Reactor, Supply Depot, Barracks  
  57  4:57  SCV x2, Marine  
  60  5:08  Engineering Bay  
  60  5:09  SCV x2, Engineering Bay  
  60  5:12  Refinery  
  60  5:13  Refinery  
  62  5:16  Orbital Command  
  62  5:18  Marine  
  64  5:21  SCV x2  
  64  5:27  Starport Reactor  
  65  5:31  Supply Depot  
  65  5:33  SCV x2  
  67  5:36  Marine x3  
  67  5:38  Terran Infantry Weapons Level 1, Terran Infantry Armor Level 1  
  67  5:42  Marine x2  
  73  5:45  SCV, Orbital Command  
  73  5:46  Siege Tank  
  76  5:50  SCV  
  76  5:53  Supply Depot  
  76  5:54  Marine, Supply Depot  
  78  6:01  Marine x4  
  78  6:02  SCV x2  
  84  6:12  Marine, SCV  
  84  6:14  SCV x2, Medivac x2  
  92  6:18  Marine x2  
  92  6:19  Marine x2  
  92  6:24  SCV, Siege Tank  
  100  6:26  SCV  
  100  6:28  Supply Depot  
  100  6:29  Marine  
  100  6:30  Supply Depot  
  100  6:32  SCV  
  103  6:36  SCV, Marine  
  103  6:38  SCV  
  106  6:42  Marine x3  
  106  6:44  Supply Depot  
  106  6:45  Supply Depot  
  109  6:49  Marine, SCV x2, Combat Shield  
  109  6:51  Barracks  
  109  6:53  Barracks  
  112  6:54  Marine  
  112  6:57  Armory  
  113  7:01  SCV  
  113  7:02  SCV x2  
  113  7:06  Marine x2  
  113  7:07  Marine  
  113  7:08  Supply Depot  
  119  7:11  Supply Depot  
  119  7:12  Siege Tank  
  122  7:17  Medivac x2  
  123  7:23  SCV  
  123  7:24  SCV x2  
  123  7:26  Marine x3, Marauder  
  131  7:35  Missile Turret  
  131  7:38  Barracks Reactor  
  131  7:40  Marine  
  131  7:43  Marine x2  
  135  7:45  Refinery  
  135  7:46  Supply Depot, Refinery  
  135  7:48  Marauder  
  134  7:52  Marine  
  134  7:55  Barracks Reactor  
  134  7:56  Siege Tank  
  134  7:58  Marine, Terran Infantry Weapons Level 2  
  142  7:59  Terran Infantry Armor Level 2  
  142  8:01  Marine  
  142  8:02  SCV x3  
  142  8:05  Supply Depot  
  142  8:09  Marauder  
  144  8:14  Terran Vehicle And Ship Armor Level 1  
  144  8:23  Command Center  
  144  8:24  Supply Depot  
  144  8:25  SCV x3  
  144  8:26  Factory  
  145  8:35  Marine x2  
  145  8:36  Marine x6, Marauder  
  155  8:44  Siege Tank  
  155  8:53  Supply Depot  
  155  8:54  Supply Depot  
  155  8:57  Marine x8  
  155  8:59  Medivac  
  165  9:09  Drilling Claws  
  165  9:11  Factory Reactor  
  165  9:14  Marine x3  
  165  9:15  Marine x3  
  165  9:17  Medivac, Widow Mine  
  175  9:29  Medivac  
  175  9:30  Marine x3  
  158  9:32  Marine x3, Marauder  
  158  9:47  Medivac  
  158  9:50  Marine x4  
  141  9:54  Marauder  
  141  9:59  Medivac  
  145  10:02  Widow Mine x3, Planetary Fortress  
  145  10:03  SCV x3  
  150  10:14  Barracks x2  
  150  10:15  Barracks, Marauder  
  150  10:16  Marine x5  
  150  10:17  Marine x2  
  150  10:18  Marine  
  158  10:33  Marine  
  158  10:34  Marine x4  
  163  10:36  Marauder  
  163  10:40  Marine x3  
  168  10:46  Widow Mine x3  
  172  10:51  Marine  
  172  10:56  Marine x4  
  177  10:58  Marine x2, Marauder  
  180  11:06  Marine  
  180  11:09  Barracks Tech Lab x3  
  181  11:17  Marine x4  
  181  11:18  Concussive Shells  
  185  11:19  Marauder  
  185  11:21  Medivac, Widow Mine x3  
  185  11:22  Medivac  
  192  11:28  Marine x4, Marauder  
  189  11:33  Marauder  
  189  11:37  Marine x4  
  189  11:38  Marauder  
  193  11:41  Marauder  
  193  11:44  Command Center  
  193  11:45  Missile Turret  
  193  11:48  Sensor Tower  
  193  11:50  Marauder  
  193  11:51  Medivac  
  193  11:52  Medivac  
  193  11:54  Marine x4, Marauder  
  193  11:55  Marine  
  193  11:58  Marine, Widow Mine  
  193  11:59  Marine x2  
  193  12:00  Widow Mine, Marauder  
  193  12:01  Widow Mine  
  193  12:02  Marauder  
  191  12:11  Marine x2, Marauder  
  191  12:12  Marine x2  
  191  12:13  Marine  
  168  12:15  Marine, Marauder  
  168  12:16  Marine  
  168  12:17  Marine  
  168  12:21  Marauder  
  169  12:23  Marauder  
  169  12:29  Marine x4  
  177  12:30  Marine  
Tags
 
Add a new tag
Caveats
  • Supply blocks, unpowered buildings, or Contaminate may cause inaccurate times.
  • Supply counts are checked every 10 seconds.